Map: [ESL] Crimson Court

Players

LiquidClem (Clem) - Winner!

  • Race: Terran Terran
  • League: Grandmaster
  • Spawn Location: 1:00

Oliveira

  • Race: Terran Terran
  • Spawn Location: 7:00

Event: Bellum Gens Elite Stara Zagora 2024

VOD

Have the link to the VOD?

Description

Time

  • Played on: Sept. 8, 2024, 1:20 p.m.
  • Length: 15:03

All games in this series

Show
View Real Time Build Order
Export as new Build Order

LiquidClem Terran - Winner!

Build Orders:  

Get SALT Encoding   

  12  0:00  SCV  
  13  0:12  SCV  
  14  0:17  Supply Depot  
  14  0:24  SCV  
  15  0:38  SCV  
  15  0:41  Barracks  
  16  0:43  Refinery  
  16  0:50  SCV  
  17  0:58  Barracks  
  17  1:02  SCV  
  18  1:14  SCV  
  19  1:28  Orbital Command, Reaper  
  19  1:29  Supply Depot  
  20  1:45  Reaper  
  21  1:53  SCV  
  22  2:01  Reaper  
  22  2:06  Command Center  
  23  2:09  SCV  
  24  2:16  Refinery  
  24  2:21  SCV  
  25  2:22  Marine  
  25  2:29  Supply Depot  
  26  2:33  SCV  
  26  2:35  Marine  
  28  2:39  Factory  
  28  2:46  SCV  
  28  2:49  Marine  
  29  2:55  Barracks Reactor  
  29  2:58  SCV  
  29  3:07  Marine  
  29  3:10  SCV  
  31  3:20  Orbital Command  
  31  3:22  SCV, Cyclone  
  31  3:23  Starport  
  34  3:34  SCV  
  34  3:35  Barracks Tech Lab, Marine x2  
  34  3:36  Supply Depot  
  36  3:45  SCV  
  36  3:46  SCV  
  34  3:52  Marine  
  34  3:53  Marine  
  35  3:56  Marine  
  35  3:57  SCV  
  35  3:58  SCV  
  35  4:01  Stimpack  
  35  4:02  Factory Tech Lab  
  39  4:10  SCV x2, Marine  
  39  4:11  Marine  
  39  4:13  Marine  
  43  4:17  Liberator  
  43  4:22  SCV x2  
  48  4:28  Marine  
  48  4:29  Marine  
  48  4:30  Supply Depot  
  50  4:33  Marine  
  50  4:34  SCV x2  
  53  4:43  Command Center  
  53  4:46  SCV  
  53  4:47  SCV, Marine  
  56  4:56  Supply Depot, Refinery  
  56  4:58  SCV  
  56  4:59  SCV, Marine  
  59  5:01  Marine  
  59  5:06  Starport Reactor  
  60  5:07  Siege Tank  
  60  5:08  Marine  
  60  5:10  SCV  
  60  5:11  SCV  
  66  5:15  Refinery  
  66  5:18  Supply Depot  
  66  5:19  Marine  
  67  5:22  SCV, Marine  
  67  5:23  SCV  
  67  5:26  Marine  
  71  5:34  SCV  
  70  5:36  Supply Depot  
  70  5:37  Engineering Bay x2  
  70  5:41  Siege Tank, Marine  
  70  5:42  SCV  
  70  5:46  SCV  
  68  5:50  Medivac  
  68  5:54  SCV  
  68  5:56  SCV  
  70  5:58  SCV  
  70  5:59  Marine  
  70  6:00  Barracks Reactor  
  69  6:06  SCV  
  69  6:11  SCV  
  71  6:14  Orbital Command  
  71  6:17  Marine  
  71  6:18  SCV  
  71  6:20  Terran Infantry Weapons Level 1  
  71  6:23  SCV  
  71  6:28  Barracks  
  71  6:29  Barracks  
  71  6:30  SCV  
  71  6:31  Combat Shield  
  72  6:35  SCV, Marine  
  72  6:38  Marine x2  
  74  6:41  Starport Reactor  
  74  6:42  SCV  
  74  6:44  Orbital Command  
  74  6:45  Siege Tank  
  78  6:47  SCV  
  78  6:48  Barracks  
  78  6:53  Marine  
  80  6:55  SCV  
  80  6:57  Marine x2  
  80  6:59  SCV, Terran Infantry Armor Level 1  
  84  7:06  Supply Depot  
  84  7:07  SCV  
  85  7:10  SCV, Marine  
  85  7:11  SCV  
  85  7:15  Marine x2, Barracks Reactor  
  90  7:18  Barracks Reactor  
  90  7:19  SCV  
  90  7:22  SCV  
  92  7:23  Supply Depot, SCV  
  92  7:28  Siege Tank, Marine  
  97  7:30  Refinery x2  
  97  7:31  SCV  
  97  7:32  Supply Depot, Marine  
  97  7:33  Marine  
  97  7:34  SCV  
  97  7:35  SCV  
  102  7:41  Medivac x2  
  102  7:43  SCV  
  107  7:46  SCV, Marine  
  107  7:47  SCV  
  107  7:48  Supply Depot x2  
  107  7:50  Marine  
  107  7:51  Marine x3  
  112  7:52  Marine x2  
  112  7:55  SCV, Marine x2  
  112  7:56  Armory  
  119  8:03  Siege Tank  
  122  8:05  Sensor Tower  
  122  8:08  Marine x2  
  122  8:09  Marine x2  
  122  8:12  Marine  
  126  8:18  Factory  
  126  8:22  Missile Turret, Barracks Reactor  
  126  8:23  Marine x3  
  126  8:26  Marine x2, Command Center  
  131  8:28  Supply Depot  
  131  8:30  Marine x2, Medivac x2  
  131  8:31  Missile Turret  
  131  8:32  Marine  
  138  8:36  SCV  
  138  8:41  Marine x2  
  139  8:45  Supply Depot  
  139  8:46  Marine x3, Terran Infantry Weapons Level 2  
  139  8:47  Supply Depot  
  139  8:48  Terran Vehicle Weapons Level 1  
  141  8:50  Marine x3  
  144  8:55  Siege Tank  
  144  8:59  Marine x2  
  144  9:00  Terran Infantry Armor Level 2  
  149  9:07  Siege Tank, Marine x3  
  152  9:10  Marine x2  
  152  9:13  Marine  
  152  9:14  Marine  
  152  9:15  Marine  
  152  9:17  Marine x2  
  154  9:19  Medivac x2  
  154  9:24  Supply Depot  
  160  9:25  Supply Depot, Marine x3  
  160  9:27  Marine  
  160  9:28  Marine  
  165  9:37  Siege Tank, Marine  
  169  9:38  Marine  
  169  9:41  Siege Tank, Marine x2  
  169  9:42  Supply Depot x2  
  169  9:44  Marine  
  162  9:48  Marine x2  
  162  9:49  Marine x3, Medivac  
  165  9:55  Marine  
  165  9:56  Marine  
  165  9:57  Medivac  
  165  9:59  Marine  
  170  10:02  Unknown  
  170  10:03  Planetary Fortress, Marine x2  
  170  10:04  SCV  
  170  10:05  SCV  
  170  10:06  Marine  
  174  10:08  SCV  
  174  10:09  Siege Tank  
  174  10:12  Marine  
  174  10:13  Siege Tank, Marine x3  
  185  10:19  Marine, Medivac  
  188  10:25  Marine  
  188  10:26  Marine  
  188  10:27  Marine  
  154  10:30  Marine  
  154  10:31  Marine  
  154  10:33  Marine  
  154  10:34  Marine x2  
  154  10:35  Marine  
  150  10:37  Marine  
  150  10:39  Viking  
  150  10:42  Siege Tank, SCV x2  
  153  10:43  Marine  
  153  10:45  Terran Vehicle Weapons Level 2  
  153  10:46  Marine x2  
  153  10:48  Marine  
  153  10:49  Marine, Viking  
  160  10:51  Marine  
  160  10:52  Siege Tank  
  160  10:55  Marine  
  160  10:56  Marine x3  
  168  11:00  SCV  
  168  11:01  Starport, Marine  
  168  11:03  SCV  
  168  11:04  Marine  
  168  11:05  Marine  
  168  11:06  Marine  
  168  11:10  Sensor Tower  
  171  11:12  Starport  
  171  11:18  Viking  
  173  11:21  Siege Tank, Marine x5  
  173  11:23  Marine x2  
  177  11:27  Terran Infantry Weapons Level 3  
  177  11:31  Terran Infantry Armor Level 3  
  177  11:32  Marine  
  178  11:37  Starport Tech Lab  
  178  11:43  Marine x2, Command Center  
  178  11:45  Siege Tank  
  183  11:48  Viking  
  183  11:50  Viking  
  183  11:52  Starport Tech Lab  
  187  12:00  Raven, Command Center  
  189  12:04  Siege Tank  
  189  12:08  Armory  
  192  12:09  Marine x2  
  192  12:14  Raven  
  192  12:15  Starport  
  198  12:25  Missile Turret  
  198  12:34  Raven  
  194  12:37  Siege Tank  
  194  12:41  SCV  
  194  12:43  SCV  
  194  12:48  Starport, Viking  
  194  12:49  Siege Tank  
  194  12:50  SCV, Marine  
  194  12:54  Marine x4  
  194  12:56  Orbital Command, SCV  
  199  13:00  Starport Reactor, Terran Ship Weapons Level 1  
  199  13:07  Marine  
  199  13:10  Marine  
  197  13:21  Siege Tank  
  186  13:29  Raven, Missile Turret, Viking  
  186  13:30  Sensor Tower  
  186  13:31  Siege Tank, Refinery  
  186  13:32  Marine x2  
  181  13:34  Orbital Command  
  181  13:35  Marine x3  
  181  13:36  Marine x4  
  181  13:40  Marine  
  178  13:49  Viking  
  178  13:50  Marine  
  178  13:53  Marine x3  
  178  13:54  Siege Tank, Marine  
  155  14:00  Sensor Tower  
  155  14:01  Unknown, Interference Matrix  
  155  14:02  Raven, Missile Turret  
  151  14:03  Siege Tank  
  151  14:04  Marine  
  151  14:05  Marine x2  
  151  14:08  Marine  
  156  14:11  SCV x2, Marine x3  
  156  14:12  SCV  
  156  14:13  SCV  
  156  14:14  Barracks Reactor  
  156  14:16  Orbital Command  
  164  14:21  Starport Reactor  
  164  14:23  SCV x2, Marine  
  162  14:25  Raven, Marine  
  162  14:26  Siege Tank  
  162  14:28  Marine  
  162  14:29  Marine  
  163  14:35  SCV x2  
  163  14:36  SCV  
  169  14:40  Marine  
  169  14:44  Marine x2  
  172  14:50  SCV  
Show
View Real Time Build Order
Export as new Build Order

Oliveira Terran 

Build Orders:  

Get SALT Encoding   

  12  0:00  SCV  
  13  0:12  SCV  
  14  0:16  Supply Depot  
  14  0:24  SCV  
  15  0:38  SCV  
  15  0:40  Barracks  
  16  0:43  Refinery  
  16  0:50  SCV  
  16  0:52  Refinery  
  17  1:02  SCV  
  18  1:14  SCV  
  19  1:27  Orbital Command, Reaper  
  19  1:32  Supply Depot  
  20  1:43  Factory  
  20  1:53  SCV  
  21  2:00  Reaper  
  22  2:05  SCV  
  23  2:18  SCV  
  23  2:22  Command Center  
  24  2:27  Hellion  
  26  2:30  SCV  
  26  2:32  Reaper  
  28  2:39  Supply Depot  
  28  2:49  Hellion  
  28  2:55  SCV  
  29  3:01  Starport  
  29  3:05  Barracks Reactor  
  29  3:07  SCV  
  29  3:11  Cyclone  
  32  3:19  SCV  
  33  3:37  Orbital Command  
  33  3:38  SCV  
  33  3:40  Medivac  
  34  3:48  Factory Tech Lab  
  34  3:52  Orbital Command  
  33  3:56  SCV, Command Center  
  34  4:05  Marine x2  
  34  4:08  Siege Tank, SCV  
  40  4:17  Liberator  
  40  4:20  SCV x2  
  45  4:26  Marine x2  
  45  4:31  Supply Depot  
  47  4:33  SCV  
  47  4:36  SCV  
  49  4:44  Siege Tank  
  52  4:48  Marine x2  
  52  4:52  SCV x2  
  56  4:53  Supply Depot  
  56  4:58  Refinery  
  56  5:04  SCV x2  
  58  5:09  Starport Reactor  
  58  5:14  Barracks  
  58  5:15  Orbital Command  
  58  5:16  Barracks Tech Lab  
  58  5:18  Barracks  
  58  5:19  SCV  
  59  5:24  Siege Tank  
  63  5:28  SCV  
  63  5:34  Marine  
  63  5:41  Stimpack  
  56  5:47  Viking  
  55  5:50  SCV  
  55  5:52  SCV x2, Marine  
  59  6:02  SCV  
  58  6:04  SCV  
  58  6:10  SCV, Marine  
  58  6:14  SCV  
  58  6:17  SCV  
  60  6:20  Engineering Bay  
  60  6:21  Engineering Bay, Refinery  
  60  6:23  SCV  
  59  6:26  SCV  
  59  6:27  Siege Tank  
  59  6:29  SCV, Marine  
  59  6:30  Marine, Starport Reactor  
  66  6:34  Barracks x2  
  66  6:35  SCV  
  66  6:38  Marine x2  
  63  6:40  SCV  
  63  6:41  SCV  
  65  6:48  Terran Infantry Weapons Level 1, Marine, Terran Infantry Armor Level 1  
  65  6:49  SCV  
  65  6:52  SCV  
  68  6:55  SCV, Missile Turret  
  68  6:58  Marine  
  68  6:59  Missile Turret  
  70  7:01  SCV  
  70  7:04  SCV  
  70  7:06  Siege Tank  
  70  7:07  Marine  
  75  7:10  Medivac  
  75  7:12  SCV  
  75  7:15  SCV  
  77  7:17  Marine x2  
  77  7:18  Marine  
  77  7:19  Marine  
  81  7:24  Barracks Reactor  
  81  7:25  Barracks Reactor  
  81  7:27  SCV  
  81  7:29  Marine  
  82  7:31  Combat Shield  
  82  7:34  Orbital Command  
  82  7:36  Supply Depot x2  
  82  7:37  Marine  
  81  7:38  Marine  
  83  7:48  Marine x2  
  85  7:51  Supply Depot  
  85  7:57  Siege Tank, Marine x2  
  90  7:59  Armory  
  90  8:00  SCV x2  
  90  8:01  SCV  
  90  8:04  Marine  
  90  8:05  Marine  
  95  8:09  Medivac x2  
  95  8:10  Marine  
  100  8:13  SCV, Marine  
  100  8:16  SCV x2  
  106  8:25  SCV  
  109  8:31  Supply Depot x2, SCV x2  
  109  8:33  Command Center  
  107  8:37  SCV  
  108  8:44  Refinery  
  109  8:49  Terran Infantry Weapons Level 2  
  109  8:52  SCV x2, Marine, Refinery, Terran Infantry Armor Level 2, Viking x2  
  109  8:53  Marine  
  114  8:56  Marine x3  
  117  9:03  Supply Depot  
  117  9:07  Marine x3  
  120  9:11  Marine x2  
  120  9:14  Marine  
  120  9:16  SCV  
  121  9:17  Marine  
  121  9:21  Siege Tank  
  125  9:24  Supply Depot, Marine x2  
  125  9:26  Supply Depot x2, Marine  
  125  9:29  Marine  
  128  9:40  Marine  
  128  9:45  Marine  
  126  9:46  Marine x2  
  126  9:48  Marine x2  
  126  9:49  Marine  
  126  9:50  Marine  
  128  9:54  Medivac  
  128  9:55  Siege Tank, Factory, Medivac  
  128  9:57  Barracks x2  
  128  9:58  SCV x2, Barracks  
  133  10:01  SCV  
  133  10:03  Marine  
  133  10:07  Marine, Sensor Tower  
  135  10:09  Marine  
  135  10:11  Marine x2  
  135  10:12  Marine  
  139  10:14  Supply Depot  
  137  10:24  Marine  
  137  10:26  Marine x2  
  137  10:27  Siege Tank  
  114  10:33  Marine  
  114  10:34  SCV, Marine  
  109  10:37  Marine x2  
  109  10:38  Factory Tech Lab  
  109  10:39  SCV x2  
  109  10:42  Marine  
  113  10:45  Barracks Reactor x3  
  113  10:48  SCV, Marine, Terran Vehicle Weapons Level 1  
  113  10:49  Marine  
  116  10:50  Medivac x2  
  116  10:51  SCV, Marine  
  116  10:52  SCV  
  116  10:53  Marine  
  124  11:00  SCV, Marine  
  124  11:01  Marine  
  124  11:02  Marine  
  124  11:03  SCV  
  129  11:04  Siege Tank, SCV  
  129  11:08  Marine x2  
  135  11:13  SCV  
  135  11:15  Marine  
  135  11:18  Sensor Tower  
  137  11:20  Planetary Fortress  
  140  11:31  Terran Infantry Armor Level 3  
  140  11:32  Marine x2  
  139  11:34  Marine  
  139  11:35  SCV  
  139  11:37  Marine  
  139  11:39  Marine  
  143  11:41  Marine  
  143  11:42  Marine  
  143  11:43  Marine x3  
  143  11:47  Marine x2, Medivac  
  150  11:51  Marine x4  
  156  11:57  Siege Tank  
  156  11:58  Siege Tank  
  162  12:06  Supply Depot  
  162  12:08  Supply Depot, Marine x3  
  165  12:09  Marine x3, Medivac  
  165  12:11  Marine x2  
  165  12:13  Marine  
  165  12:14  Marine  
  173  12:18  Supply Depot  
  173  12:22  Marine, Medivac  
  175  12:23  Marine x4  
  180  12:35  Marine  
  180  12:36  Siege Tank  
  184  12:37  Marine  
  184  12:41  Marine x13  
  184  12:43  Medivac  
  187  12:53  Marine  
  187  12:55  Marine  
  187  12:56  Siege Tank  
  192  12:58  Marine  
  192  12:59  Marine x3  
  196  13:07  Marine  
  196  13:08  Marine x2  
  199  13:19  Command Center  
  169  13:28  Marine  
  169  13:30  Marine x2  
  169  13:31  Siege Tank  
  169  13:32  Marine x12  
  149  13:46  Marine  
  149  13:48  Marine x2  
  143  13:49  Marine  
  143  13:50  Marine x6  
  143  13:52  Siege Tank  
  143  13:54  Marine x3  
  143  13:55  Engineering Bay  
  139  13:58  Marine x2  
  136  14:04  Marine  
  136  14:06  Marine x2  
  136  14:07  Marine x3  
  136  14:08  Marine, Liberator x2  
  136  14:09  Siege Tank  
  148  14:10  Marine x2  
  148  14:11  Marine  
  148  14:17  Marine  
  151  14:21  Marine  
  153  14:24  Marine  
  153  14:28  Orbital Command  
  153  14:30  Marine  
  138  14:31  Marine x11  
  138  14:34  Marine  
  151  14:41  SCV  
  151  14:43  Marine x2  
Tags
 
Add a new tag
Caveats
  • Supply blocks, unpowered buildings, or Contaminate may cause inaccurate times.
  • Supply counts are checked every 10 seconds.